 Dungeon Crawl Stone Soup version 0.27-a0-1189-gb8eb6cee8e (webtiles) character file.

Game seed: 4351987369566427586

61 Zonian the Shooter (level 3, 0/21 HPs)
             Began as a Deep Elf Hunter on May 23, 2021.
             Slain by an adder (2 damage)
             ... on level 3 of the Dungeon.
             The game lasted 00:03:44 (2462 turns).

Zonian the Shooter (Deep Elf Hunter)                Turns: 2462, Time: 00:03:45

Health: 0/21       AC:  8    Str: 10    XL:     3   Next: 83%
Magic:  5/5        EV:  4    Int: 15    God:
Gold:   45         SH:  0    Dex: 15    Spells: 2/2 levels left

rFire    . . .     SeeInvis .   a - +1 shortbow
rCold    . . .     Faith    .   (shield currently unavailable)
rNeg     . . .     Spirit   .   e - +0 chain mail
rPois    .         Reflect  .   (no helmet)
rElec    .         Harm     .   (no cloak)
rCorr    .         Rampage  .   (no gloves)
Will     .....                  (no boots)
Stlth    ..........             (no amulet)
HPRegen  0.07/turn              (no ring)
MPRegen  0.09/turn              (no ring)

@: no status effects
A: no striking features
a: no special abilities


You were on level 3 of the Dungeon.
You visited 1 branch of the dungeon, and saw 3 of its levels.

You collected 45 gold pieces.

Inventory:

Hand Weapons
 a - a +1 shortbow (weapon)
 b - a +0 short sword
Missiles
 d - 5 arrows (quivered ammo)
Armour
 c - a +1 leather armour
 e - a +0 chain mail (worn)
Magical Staves
 g - a staff of cold
Jewellery
 h - a ring of protection from cold
 n - a ring of positive energy
Potions
 i - a potion of attraction {unknown}
 j - a potion of curing {unknown}
 k - a potion of brilliance {unknown}
 l - 2 potions of heal wounds {unknown}
 o - a potion of might {unknown}


   Skills:
 + Level 2.2 Fighting
 - Level 0.2 Short Blades
 + Level 6.3 Bows
 + Level 0.4 Armour
 + Level 2.7 Dodging
 + Level 1.7 Stealth


You had 2 spell levels left.
You didn't know any spells.
Your spell library was empty.

Dungeon Overview and Level Annotations

Branches:
Dungeon (3/15)

Altars:


Message History

The adder is lightly wounded.
You feel sick. The adder bites you but does no damage.
The goblin hits you with a +0 dagger.
You closely miss the adder.
The adder is lightly wounded.
You feel sick. The adder bites you. The goblin hits you but does no damage.
The adder bites you but does no damage.
Unknown command.
You feel sick.
You feel sick.
You feel sick.
You are no longer poisoned.
The adder bites you but does no damage. The adder bites you.
* * * LOW HITPOINT WARNING * * *
Unknown command.
You barely miss the adder. The adder barely misses you.
a - a +1 shortbow (weapon)
The adder bites you.
* * * LOW HITPOINT WARNING * * *
Fire: 8 arrows
Press: ? - help, Q - select action Shift-Dir - straight line, f - adder
Aim: an adder (44% to hit)
You shoot an arrow. The arrow barely misses the adder.
The arrow hits the goblin.
You kill the goblin!
The adder bites you but does no damage.
Fire: 7 arrows
Press: ? - help, Q - select action Shift-Dir - straight line, f/p - adder
Aim: an adder (42% to hit)
You shoot an arrow. The arrow barely misses the adder.
The adder barely misses you.
Unknown command.
Fire: 6 arrows
Press: ? - help, Q - select action Shift-Dir - straight line, f/p - adder
Aim: an adder (42% to hit)
You shoot an arrow. The arrow hits the adder.
The adder is lightly wounded.
The adder bites you.
You die...

#..# #..# ...#
#..#
#######..####
#...........##
#.............#
###..####.###.#.#
#(...)S@..# #
#.#..######
#.#..#
#.#..######## #
#...........# #
###..........
##########
##.######.#
........h####.#
........hS.h..#


You could see an adder.

Vanquished Creatures
  2 adders (D:2)
  A worm (D:2)
  8 endoplasms
  3 goblins
  A hobgoblin (D:1)
  3 jackals (D:1)
  A quokka (D:3)
  3 ball pythons
  5 bats
  5 kobolds
  6 rats
38 creatures vanquished.

Vanquished Creatures (collateral kills)
  A goblin (D:3)
1 creature vanquished.

Grand Total: 39 creatures vanquished

Notes
Turn   | Place    | Note
-------+----------+-------------------------------------------
     0 | D:1      | Zonian the Deep Elf Hunter began the quest for the Orb.
     0 | D:1      | Reached XP level 1. HP: 12/12 MP: 3/3
   168 | D:1      | Found a faded altar of an unknown god.
   178 | D:1      | Reached XP level 2. HP: 8/17 MP: 4/4
  1169 | D:2      | Reached skill level 6 in Bows
  1169 | D:2      | Reached XP level 3. HP: 20/21 MP: 5/5
  2462 | D:3      | Slain by an adder

Illustrated notes

Levels and vault maps discovered:
D:1:      dpeg_arrival_arbitrary_a, layout_loops_ring,
          hellmonk_ecumenical_altar_arch_garden
D:2:      layout_basic, grunt_ministairs_7, grunt_decor_junction
D:3:      layout_loops_ring, kennysheep_generic_room_6, uniq_robin

Skill      XL: |  1  2 |
---------------+-------+-----
Fighting       | 2 |  2.2
Bows           | 6 |  6.3
Short Blades   | |  0.2
Armour         | |  0.4
Dodging        | |  2.7
Stealth        | |  1.7

Action                   || total
-------------------------++-------
Melee: Short sword       ||    59
 Fire: Shortbow          ||    74
  Use: Scroll            ||     4
Armor: Chain mail        ||    74
Dodge: Dodged            ||    26

Table legend: (Time is in decaauts)
 A = Elapsed time spent in this place.
 B = Non-inter-level travel time spent in this place.
 C = Inter-level travel time spent in this place.
 D = Time resting spent in this place.
 E = Time spent auto-exploring this place.
 F = Levels seen in this place.
 G = Mean time per level.
                   A        B        C        D        E       F      G
               +--------+--------+--------+--------+--------+-----+--------+
         Total |   2465 |   2397 |     68 |    716 |   1364 |   3 |  821.7 |
       Dungeon |   2465 |   2397 |     68 |    716 |   1364 |   3 |  821.7 |
               +--------+--------+--------+--------+--------+-----+--------+

Top non-repeatable levels by time:
     D:2: 1159 daAuts
     D:1: 1149 daAuts
     D:3: 156 daAuts
